 Dungeon Sprint DCSS version 0.28-a0-872-g80cf8599ee (webtiles) character file.

Game seed: 13312360316330733125

19 mhtbhm the Skirmisher (level 2, -1/29 HPs)
             Began as a Minotaur Fighter on Nov 20, 2021.
             Slain by a scorpion (4 damage)
             ... in the Dungeon (Sprint IX: "|||||||||||||||||||||||||||||").
             The game lasted 00:00:07 (51 turns).

mhtbhm the Skirmisher (Minotaur Fighter)              Turns: 51, Time: 00:00:08

Health: -1/29      AC:  7    Str: 20    XL:     2   Next: 55%
Magic:  1/1        EV:  9    Int:  5    God:
Gold:   0          SH:  4    Dex:  9    Spells: 1/1 levels left

rFire   . . .      SeeInvis .   a - +0 flail
rCold   . . .      Faith    .   c - +0 buckler
rNeg    . . .      Spirit   .   b - +0 scale mail
rPois   .          Reflect  .   (helmet restricted)
rElec   .          Harm     .   (no cloak)
rCorr   .          Rampage  .   (no gloves)
Will    .....      NoTele   +   (no boots)
Stlth   ..........              (no amulet)
HPRegen 0.09/turn               (no ring)
MPRegen 0.07/turn               (no ring)

@: no status effects
A: horns 2, retaliatory headbutt
a: no special abilities


You were in the Dungeon.
You visited 1 branch

Inventory:

Hand Weapons
 a - a +0 flail (weapon)
Armour
 b - a +0 scale mail (worn)
 c - a +0 buckler (worn)
Scrolls
 j - a scroll of blinking
Potions
 d - a potion of might
 e - a potion of curing
 f - a potion of heal wounds
 g - a potion of haste
 h - 2 potions of magic
 i - a potion of berserk rage


   Skills:
 + Level 5.1 Fighting
 + Level 3.5 Maces & Flails
 + Level 4.9 Armour
 + Level 4.7 Shields


You had one spell level left.
You didn't know any spells.
Your spell library was empty.

Dungeon Overview and Level Annotations

Branches:
Dungeon (1/1)

Altars:


Innate Abilities, Weirdness & Mutations

You have a pair of horns on your head.
You reflexively headbutt those who attack you in melee.


Message History

You kill the quokka!
The shadow imp gestures at you. Pain shoots through your body!
The shadow imp closely misses you.
There is an open door here.
You see here a quokka corpse.
You barely miss the shadow imp.
You headbutt the shadow imp, but do no damage.
The shadow imp barely misses you. The shadow imp hits you.
Unknown command.
You hit the shadow imp but do no damage.
The shadow imp hits you.
You hit the shadow imp.
The shadow imp is lightly wounded.
The shadow imp hits you but does no damage.
You closely miss the shadow imp. You headbutt the shadow imp!
You kill the shadow imp!
Your Fighting skill increases to level 5!
Unknown command.
You closely miss the scorpion.
The scorpion stings you but does no damage.
The scorpion stings you.
You hit the scorpion.
The scorpion is lightly wounded.
You block the scorpion's attack.
Unknown command.
You closely miss the scorpion.
The scorpion is lightly wounded.
The scorpion stings you but does no damage.
The scorpion barely misses you.
You barely miss the scorpion.
You headbutt the scorpion, but do no damage.
The scorpion is lightly wounded.
You block the scorpion's attack.
You hit the scorpion.
The scorpion is moderately wounded.
The scorpion stings you!
* * * LOW HITPOINT WARNING * * *
The scorpion stings you.
You die...

▓.▓
▓.▓
▓)▓
▓.▓
▓.▓
▓.▓
▓.▓
▓.▓
▓@▓
▓s▓
▓s▓
▓.▓
▓.▓
▓.▓
▓+▓


You could see 2 scorpions.

Vanquished Creatures
  A shadow imp (D)
  A worm (D)
  A dart slug (D)
  An endoplasm (D)
  2 quokkas (D)
  A kobold (D)
  A rat (D)
8 creatures vanquished.

Notes
Turn   | Place    | Note
-------+----------+-------------------------------------------
     0 | D        | mhtbhm the Minotaur Fighter began the quest for the Orb.
     0 | D        | Reached XP level 1. HP: 19/19 MP: 0/0
     9 | D        | Reached skill level 4 in Fighting
    36 | D        | Noticed a scorpion
    36 | D        | Noticed a scorpion
    39 | D        | Reached XP level 2. HP: 28/28 MP: 1/1
    47 | D        | Reached skill level 5 in Fighting
    51 | D        | Slain by a scorpion

Illustrated notes

Levels and vault maps discovered:
D:        linesprint [early_d, line_temple, items_1, d_10, items_2, lair_1,
          lair_end, items_3, orc_1, orc_end, items_4, d_15, swamp_1, shoals_1,
          snake_1, spider_1, d_20, vaults_1, items_5, swamp_end, shoals_end,
          snake_end, spider_end, vaults_end, d_27, items_6, zot_1, zot_end,
          crypt_end, forest_end, elf_end, slime_end, tomb_end, abyss_end,
          pan_hell_end]

Skill      XL: |  1  2 |
---------------+-------+-----
Fighting       | 4 5 |  5.1
Armour         | 4 |  4.9
Shields        | 4 |  4.7
Maces & Flails | 3 |  3.5

Action                   || total
-------------------------++-------
Melee: Flail             ||    25
       Headbutt          ||     7
Armor: Scale mail        ||     7
Dodge: Dodged            ||     6
Block: Buckler           ||     5

Table legend: (Time is in decaauts)
 A = Elapsed time spent in this place.
 B = Non-inter-level travel time spent in this place.
 C = Inter-level travel time spent in this place.
 D = Time resting spent in this place.
 E = Time spent auto-exploring this place.
 F = Levels seen in this place.
 G = Mean time per level.
                   A        B        C        D        E       F      G
               +--------+--------+--------+--------+--------+-----+--------+
         Total |     56 |     56 |      0 |     15 |      3 |   1 |   56.0 |
       Dungeon |     56 |     56 |      0 |     15 |      3 |   1 |   56.0 |
               +--------+--------+--------+--------+--------+-----+--------+

Top non-repeatable levels by time:
       D: 56 daAuts
